TOP OF THE 1ST |
Riverside Red Bulls batting - Pitching for Balzac Rams : RHP Li-cong Sima
|
Pitching: RHP Li-cong Sima
|
|
Batting: RHB Tom Howe
|
0-0: Called Strike 0-1: Ball 1-1: Ball 2-1: Foul Ball, location: 2F 2-2: Ball 3-2: SINGLE (Groundball, 56)
|
Batting: RHB Pedro Mata
|
0-0: Ball 1-0: Ball 2-0: Swinging Strike 2-1: Foul Ball, location: 2F 2-2: Ball 3-2: Strikes out looking
|
Batting: RHB Earnest Finnegan
|
0-0: Ball 1-0: Foul Ball, location: 2F 1-1: Foul Ball, location: 2F 1-2: Ball 2-2: Grounds into double play, 4-6-3 (Groundball, 4)
|
Top of the 1st over - 0 run(s), 1 hit(s), 0 error(s), 0 left on base; Riverside 0 - Balzac 0 |
BOTTOM OF THE 1ST |
Balzac Rams batting - Pitching for Riverside Red Bulls : RHP Emery Graham
|
Pitching: RHP Emery Graham
|
|
Batting: RHB Ron Glass
|
0-0: Ball 1-0: Ground out U3 (Groundball, 3)
|
Batting: RHB Shaun Puckett
|
0-0: Ball 1-0: Ball 2-0: Called Strike 2-1: Swinging Strike 2-2: Ground out 6-3 (Groundball, 6M)
|
Batting: LHB José Román
|
0-0: Called Strike 0-1: Ball 1-1: DOUBLE (Line Drive, 78S)
|
Batting: RHB Paul Spencer
|
0-0: Ball 1-0: Fly out, F9 (Flyball, 9LM)
|
Bottom of the 1st over - 0 run(s), 1 hit(s), 0 error(s), 1 left on base; Riverside 0 - Balzac 0 |
TOP OF THE 2ND |
Riverside Red Bulls batting - Pitching for Balzac Rams : RHP Li-cong Sima
|
Batting: RHB Brandon Pope
|
0-0: Ball 1-0: Called Strike 1-1: Hit by Pitch
|
Batting: LHB Mike Petersen
|
0-0: Ball 1-0: Ball 2-0: Called Strike 2-1: Fielders Choice at 2nd, 1-6 (Groundball, 23)
|
Batting: RHB Fernando Gálvez
|
0-0: Ball 1-0: Fielders Choice at 2nd, 6-4 (Groundball, 6)
|
Batting: RHB Kelly Jones
|
0-0: Foul Ball, location: 2F 0-1: Called Strike 0-2: Strikes out swinging
|
Top of the 2nd over - 0 run(s), 0 hit(s), 0 error(s), 1 left on base; Riverside 0 - Balzac 0 |
BOTTOM OF THE 2ND |
Balzac Rams batting - Pitching for Riverside Red Bulls : RHP Emery Graham
|
Batting: LHB John Horton
|
0-0: Fly out, F7 (Popup, 7LSF)
|
Batting: RHB Jeremy Flemming
|
0-0: Ball 1-0: Swinging Strike 1-1: Foul Ball, location: 2F 1-2: SINGLE (Line Drive, 8LS)
|
Batting: LHB Daniel Carter
|
Pickoff Throw to First - Out! 0-0: Ball 1-0: Called Strike 1-1: Ball 2-1: Foul Ball, location: 2F 2-2: Foul Ball, location: 2F 2-2: Foul Ball, location: 2F 2-2: Ball 3-2: Foul Ball, location: 2F 3-2: Strikes out swinging
|
Bottom of the 2nd over - 0 run(s), 1 hit(s), 0 error(s), 0 left on base; Riverside 0 - Balzac 0 |
TOP OF THE 3RD |
Riverside Red Bulls batting - Pitching for Balzac Rams : RHP Li-cong Sima
|
Batting: RHB Enrique Flores
|
0-0: Ground out 5-3 (Groundball, 5L)
|
Batting: SHB Luis Alonso
|
0-0: Ball 1-0: DOUBLE (Groundball, 3L)
|
Batting: RHB Tom Howe
|
0-0: Called Strike 0-1: Foul Ball, location: 2F 0-2: Foul Ball, location: 2F 0-2: Fly out, F3 (Popup, 34S)
|
Batting: RHB Pedro Mata
|
0-0: Called Strike 0-1: Ground out 6-3 (Groundball, 56S)
|
Top of the 3rd over - 0 run(s), 1 hit(s), 0 error(s), 1 left on base; Riverside 0 - Balzac 0 |
BOTTOM OF THE 3RD |
Balzac Rams batting - Pitching for Riverside Red Bulls : RHP Emery Graham
|
Batting: RHB Enrico Ramos
|
0-0: Called Strike 0-1: Ball 1-1: Swinging Strike 1-2: Foul Ball, location: 2F 1-2: Ball 2-2: Foul Ball, location: 2F 2-2: Ball 3-2: Ground out 5-3 (Groundball, 5)
|
Batting: RHB Brian Parks
|
0-0: Foul Ball, location: 2F 0-1: Fly out, F5 (Line Drive, 56S)
|
Batting: RHB Ron Glass
|
0-0: Ball 1-0: Swinging Strike 1-1: Swinging Strike 1-2: Foul Ball, location: 2F 1-2: Ball 2-2: Strikes out swinging
|
Bottom of the 3rd over - 0 run(s), 0 hit(s), 0 error(s), 0 left on base; Riverside 0 - Balzac 0 |
TOP OF THE 4TH |
Riverside Red Bulls batting - Pitching for Balzac Rams : RHP Li-cong Sima
|
Batting: RHB Earnest Finnegan
|
0-0: Ball 1-0: Swinging Strike 1-1: Foul Ball, location: 2F 1-2: SINGLE (Groundball, 6)
|
Batting: RHB Brandon Pope
|
0-0: Ball 1-0: Ball 2-0: Called Strike 2-1: Swinging Strike 2-2: Grounds into double play, 5-4-3 (Groundball, 56)
|
Batting: LHB Mike Petersen
|
0-0: Ball 1-0: Ball 2-0: Called Strike 2-1: Ground out 4-3 (Groundball, 4)
|
Top of the 4th over - 0 run(s), 1 hit(s), 0 error(s), 0 left on base; Riverside 0 - Balzac 0 |
BOTTOM OF THE 4TH |
Balzac Rams batting - Pitching for Riverside Red Bulls : RHP Emery Graham
|
Batting: RHB Shaun Puckett
|
0-0: SINGLE (Groundball, 3L)
|
Batting: LHB José Román
|
0-0: Ball 1-0: Fly out, F9 (Flyball, 9D) Runner from 1st tags up, SAFE at 2nd
|
Batting: RHB Paul Spencer
|
0-0: Foul Ball, location: 2F 0-1: Ball 1-1: Ball 2-1: Ball 3-1: Base on Balls
|
Batting: LHB John Horton
|
0-0: Ball Reached via error on a dropped throw, E6 Shaun Puckett to third Paul Spencer to second
|
Batting: RHB Jeremy Flemming
|
0-0: Swinging Strike 0-1: SINGLE (Groundball, 34D) Shaun Puckett scores Paul Spencer to third John Horton to second Runner from 3rd tries for Home, SAFE, throw made home
|
Batting: LHB Daniel Carter
|
0-0: Ball 1-0: Foul Ball, location: 2F 1-1: Ball 2-1: Called Strike 2-2: Strikes out swinging
|
Batting: RHB Enrico Ramos
|
0-0: Called Strike 0-1: SINGLE (Line Drive, 6MD) John Horton to third Jeremy Flemming to second Runner from 3rd tries for Home, SAFE, no throw or cutoff
|
Batting: RHB Brian Parks
|
0-0: Ball 1-0: Called Strike 1-1: Fielders Choice at 2nd, U6 (Groundball, 6M)
|
Bottom of the 4th over - 3 run(s), 3 hit(s), 1 error(s), 2 left on base; Riverside 0 - Balzac 3 |
TOP OF THE 5TH |
Riverside Red Bulls batting - Pitching for Balzac Rams : RHP Li-cong Sima
|
Batting: RHB Fernando Gálvez
|
0-0: SINGLE (Line Drive, 56)
|
Batting: RHB Kelly Jones
|
0-0: Ball 1-0: Ball 2-0: Foul Ball, location: 2F 2-1: Foul Ball, location: 2F 2-2: Ball 3-2: Foul Ball, location: 2F 3-2: Strikes out looking
|
Batting: RHB Enrique Flores
|
0-0: Called Strike 0-1: Swinging Strike Fernando Gálvez is caught stealing 2nd base 0-2: Strikes out swinging
|
Top of the 5th over - 0 run(s), 1 hit(s), 0 error(s), 0 left on base; Riverside 0 - Balzac 3 |
BOTTOM OF THE 5TH |
Balzac Rams batting - Pitching for Riverside Red Bulls : RHP Emery Graham
|
Batting: RHB Ron Glass
|
0-0: Ground out 6-3 (Groundball, 6M)
|
Batting: RHB Shaun Puckett
|
0-0: Ball 1-0: Called Strike 1-1: Ground out 1-3 (Groundball, 3S)
|
Batting: LHB José Román
|
0-0: Called Strike 0-1: Foul Ball, location: 2F 0-2: Strikes out swinging
|
Bottom of the 5th over - 0 run(s), 0 hit(s), 0 error(s), 0 left on base; Riverside 0 - Balzac 3 |
TOP OF THE 6TH |
Riverside Red Bulls batting - Pitching for Balzac Rams : RHP Li-cong Sima
|
Batting: SHB Luis Alonso
|
0-0: Called Strike 0-1: SINGLE (Groundball, 4MS)
|
Batting: RHB Tom Howe
|
0-0: Foul Ball, location: 2F 0-1: Foul Ball, location: 2F 0-2: Ground out 2-3 (Groundball, 25) Luis Alonso to second
|
Batting: RHB Pedro Mata
|
0-0: Called Strike 0-1: SINGLE (Line Drive, 6) Luis Alonso to third
|
Batting: RHB Earnest Finnegan
|
0-0: Foul Ball, location: 2F 0-1: Called Strike 0-2: Fly out, F8 (Flyball, 78S)
|
Batting: RHB Brandon Pope
|
0-0: Called Strike 0-1: Ball 1-1: Ball 2-1: Fielders Choice at 2nd, 6-4 (Groundball, 6)
|
Top of the 6th over - 0 run(s), 2 hit(s), 0 error(s), 1 left on base; Riverside 0 - Balzac 3 |
BOTTOM OF THE 6TH |
Balzac Rams batting - Pitching for Riverside Red Bulls : RHP Emery Graham
|
Batting: RHB Paul Spencer
|
0-0: Foul Ball, location: 2F 0-1: Ball 1-1: Foul Ball, location: 2F 1-2: Ball 2-2: Ball 3-2: Base on Balls
|
Batting: LHB John Horton
|
0-0: Ball 1-0: Ground out 4-3 (Groundball, 4M) Paul Spencer to second
|
Batting: RHB Jeremy Flemming
|
0-0: Foul Ball, location: 2F 0-1: Ball 1-1: Ball 2-1: Ball 3-1: Base on Balls
|
Pitching: LHP Joe Phillips
|
|
Batting: LHB Daniel Carter
|
0-0: Swinging Strike 0-1: Swinging Strike 0-2: Foul Ball, location: 2F 0-2: Ball 1-2: Fly out, F8 (Flyball, 8RM)
|
Pitching: RHP Emílio Núñez
|
|
Batting: RHB Enrico Ramos
|
0-0: Called Strike 0-1: SINGLE (Groundball, 5L) Paul Spencer to third Jeremy Flemming to second Runner from 3rd tries for Home, SAFE, no throw or cutoff
|
Batting: RHB Brian Parks
|
Balk! Jeremy Flemming to third Enrico Ramos to second 0-0: Fly out, F7 (Flyball, 78M)
|
Bottom of the 6th over - 1 run(s), 1 hit(s), 0 error(s), 2 left on base; Riverside 0 - Balzac 4 |
TOP OF THE 7TH |
Riverside Red Bulls batting - Pitching for Balzac Rams : RHP Li-cong Sima
|
Batting: LHB Mike Petersen
|
0-0: Ball 1-0: Ball 2-0: Called Strike 2-1: Foul Ball, location: 2F 2-2: SINGLE (Groundball, 56D)
|
Batting: RHB Fernando Gálvez
|
0-0: Called Strike 0-1: Ball 1-1: Foul Ball, location: 2F 1-2: Grounds into double play, U4-3 (Groundball, 4M)
|
Batting: RHB Kelly Jones
|
0-0: Called Strike 0-1: Called Strike 0-2: Strikes out swinging
|
Top of the 7th over - 0 run(s), 1 hit(s), 0 error(s), 0 left on base; Riverside 0 - Balzac 4 |
BOTTOM OF THE 7TH |
Balzac Rams batting - Pitching for Riverside Red Bulls : RHP Emílio Núñez
|
Batting: RHB Ron Glass
|
0-0: Fly out, F7 (Flyball, 7D)
|
Batting: RHB Shaun Puckett
|
0-0: Ball 1-0: Ball 2-0: Ground out 3-1 (Groundball, 34)
|
Batting: LHB José Román
|
0-0: Called Strike 0-1: Ball 1-1: Fly out, F7 (Flyball, 8LD)
|
Bottom of the 7th over - 0 run(s), 0 hit(s), 0 error(s), 0 left on base; Riverside 0 - Balzac 4 |
TOP OF THE 8TH |
Riverside Red Bulls batting - Pitching for Balzac Rams : RHP Li-cong Sima
|
Batting: RHB Enrique Flores
|
0-0: Called Strike 0-1: Called Strike 0-2: Ball 1-2: Foul Ball, location: 2F 1-2: Strikes out looking
|
Batting: SHB Luis Alonso
|
0-0: Called Strike 0-1: Called Strike 0-2: Ground out 4-3 (Groundball, 4)
|
Batting: RHB Tom Howe
|
0-0: Called Strike 0-1: Ball 1-1: Reached on error, E5 (Groundball, 5)
|
Pitching: RHP José Cota
|
|
Batting: RHB Pedro Mata
|
0-0: Foul Ball, location: 2F 0-1: Ball 1-1: Ball 2-1: Ground out 1-3 (Groundball, 15)
|
Top of the 8th over - 0 run(s), 0 hit(s), 1 error(s), 1 left on base; Riverside 0 - Balzac 4 |
BOTTOM OF THE 8TH |
Balzac Rams batting - Pitching for Riverside Red Bulls : RHP Emílio Núñez
|
Batting: RHB Paul Spencer
|
0-0: Swinging Strike 0-1: Ball 1-1: Ball 2-1: Ball 3-1: Foul Ball, location: 2F 3-2: Strikes out looking
|
Batting: LHB John Horton
|
0-0: Called Strike 0-1: Swinging Strike 0-2: SINGLE (Line Drive, 7S)
|
Batting: RHB Jeremy Flemming
|
0-0: Ball 1-0: Foul Ball, location: 2F 1-1: Ball 2-1: Ground out 6-3 (Groundball, 6MS) John Horton to second
|
Batting: LHB Daniel Carter
|
0-0: Ball 1-0: Called Strike 1-1: Ball 2-1: Ball 3-1: Swinging Strike 3-2: Base on Balls
|
Batting: RHB Enrico Ramos
|
0-0: Called Strike 0-1: Hit by Pitch John Horton to third Daniel Carter to second
|
Batting: RHB Brian Parks
|
0-0: Fly out, F4 (Popup, 34D)
|
Bottom of the 8th over - 0 run(s), 1 hit(s), 0 error(s), 3 left on base; Riverside 0 - Balzac 4 |
TOP OF THE 9TH |
Riverside Red Bulls batting - Pitching for Balzac Rams : RHP José Cota
|
Pitching: RHP John Dickson
|
|
Batting: RHB Earnest Finnegan
|
0-0: Swinging Strike 0-1: Ball 1-1: Ball 2-1: Foul Ball, location: 2F 2-2: Ball 3-2: Foul Ball, location: 2F 3-2: Base on Balls
|
Batting: RHB Brandon Pope
|
0-0: Ball 1-0: Ball 2-0: Reached on Error, E7 (Line Drive, 7M) Earnest Finnegan to second
|
Batting: LHB Mike Petersen
|
0-0: Swinging Strike 0-1: Called Strike 0-2: Ball 1-2: Strikes out swinging
|
Batting: RHB Fernando Gálvez
|
0-0: Grounds into double play, 1-6-3 (Groundball, 23)
|
Top of the 9th over - 0 run(s), 0 hit(s), 1 error(s), 1 left on base; Riverside 0 - Balzac 4 |
|